Map: Cyber Forest LE

Players

LiquidTLO (TLO) - Winner!

  • Race: Zerg Zerg
  • League: Grandmaster
  • Spawn Location: 5:00

RlSky (RiSky)

  • Race: Zerg Zerg
  • League: Master
  • Spawn Location: 11:00

Event: HomeStory Cup XIX

VOD

Have the link to the VOD?

Description

Time

  • Played on: June 27, 2019, 12:14 p.m.
  • Length: 9:51

All games in this series

Show
View Real Time Build Order
Export as new Build Order

LiquidTLO Zerg - Winner!

Build Orders: Hatch First 

Get SALT Encoding   

  12  0:00  Drone  
  13  0:12  Overlord  
  13  0:17  Drone  
  14  0:31  Drone x2  
  16  0:48  Hatchery  
  15  0:51  Drone  
  15  0:55  Drone  
  17  1:08  Spawning Pool  
  16  1:12  Drone  
  16  1:14  Extractor  
  16  1:17  Drone  
  17  1:20  Drone  
  18  1:28  Drone  
  20  1:55  Zergling x2  
  20  1:56  Zergling x2  
  20  1:59  Queen  
  20  2:00  Zergling x2, Queen  
  20  2:01  Zergling x2  
  25  2:24  Drone  
  25  2:31  Overlord  
  25  2:35  Extractor  
  25  2:36  Drone  
  23  2:41  Drone  
  25  2:47  Drone  
  25  2:49  Drone x2  
  28  2:55  Drone  
  28  2:56  Drone  
  30  3:00  Drone  
  31  3:07  Drone  
  31  3:08  Drone  
  31  3:10  Drone  
  31  3:11  Drone  
  35  3:16  Overlord  
  35  3:18  Drone  
  36  3:21  Extractor x2  
  36  3:22  Drone  
  36  3:23  Drone  
  36  3:31  Overlord  
  36  3:35  Drone x2  
  36  3:39  Drone  
  36  3:40  Drone  
  40  3:45  Queen  
  40  3:46  Drone  
  43  3:53  Roach Warren, Drone x2  
  43  3:54  Drone  
  43  3:55  Drone  
  46  4:01  Extractor  
  46  4:02  Drone  
  46  4:03  Drone  
  46  4:08  Lair  
  47  4:12  Evolution Chamber  
  47  4:13  Drone  
  47  4:14  Drone  
  47  4:15  Drone  
  47  4:16  Drone  
  50  4:24  Overlord  
  50  4:26  Drone  
  51  4:32  Hatchery  
  51  4:33  Roach  
  51  4:37  Zerg Missile Weapons Level 1  
  52  4:41  Overlord  
  52  4:44  Roach  
  54  4:46  Roach  
  54  4:48  Roach  
  54  4:50  Roach  
  59  4:55  Overlord  
  59  4:58  Overlord  
  59  4:59  Roach  
  61  5:02  Roach  
  61  5:05  Glial Reconstitution  
  63  5:08  Overlord  
  63  5:10  Roach  
  63  5:13  Roach  
  67  5:18  Drone x3  
  70  5:23  Roach  
  70  5:25  Overlord  
  70  5:27  Overlord  
  72  5:30  Roach  
  72  5:32  Roach  
  72  5:33  Drone  
  77  5:40  Roach  
  79  5:43  Roach  
  79  5:45  Roach x2  
  79  5:48  Roach  
  79  5:49  Roach  
  89  5:54  Roach x2  
  89  5:56  Roach x2  
  97  6:00  Roach  
  97  6:02  Roach  
  101  6:05  Overseer  
  101  6:07  Roach  
  101  6:10  Drone x2  
  101  6:11  Drone  
  106  6:14  Extractor  
  105  6:21  Overlord x3  
  105  6:24  Overlord  
  105  6:29  Overlord  
  105  6:38  Drone  
  106  6:40  Drone  
  106  6:41  Drone x9  
  106  6:42  Extractor  
  106  6:44  Extractor  
  106  6:46  Zerg Missile Weapons Level 2  
  114  6:48  Overseer  
  114  6:49  Roach  
  114  6:53  Roach  
  118  6:57  Roach x2  
  118  6:58  Roach  
  118  7:00  Roach  
  126  7:03  Roach  
  126  7:05  Overlord  
  126  7:07  Roach  
  130  7:17  Ravager x4  
  130  7:18  Roach x2  
  130  7:19  Roach  
  130  7:22  Roach x2  
  144  7:25  Roach  
  144  7:26  Roach  
  144  7:27  Roach  
  150  7:30  Roach  
  150  7:32  Roach  
  150  7:36  Overlord  
  154  7:41  Overlord  
  154  7:46  Overlord x3  
  154  7:47  Spire  
  154  7:49  Overlord  
  153  8:00  Ravager x3  
  153  8:01  Roach  
  153  8:02  Roach  
  153  8:05  Roach x2  
  164  8:09  Roach x2  
  164  8:10  Roach  
  164  8:11  Drone  
  164  8:12  Drone x2  
  173  8:17  Drone x2  
  175  8:23  Roach  
  177  8:30  Hatchery  
  177  8:31  Roach x2  
  177  8:32  Overlord  
  180  8:36  Overlord  
  180  8:59  Mutalisk  
  180  9:00  Mutalisk x5  
  192  9:08  Mutalisk  
  194  9:12  Overlord  
  194  9:19  Mutalisk x2  
  194  9:31  Roach  
  198  9:44  Infestation Pit  
  199  9:47  Hydralisk Den  
Show
View Real Time Build Order
Export as new Build Order

RlSky Zerg 

Build Orders: Pool First 

Get SALT Encoding   

  12  0:18  Spawning Pool  
  11  0:22  Drone  
  11  0:26  Drone  
  13  0:31  Drone  
  14  0:39  Overlord  
  14  1:05  Zergling x6  
  17  1:15  Zergling x2  
  17  1:18  Hatchery  
  17  1:26  Zergling x2  
  18  1:34  Queen  
  18  1:38  Zergling x2  
  21  1:47  Overlord  
  21  1:59  Drone  
  22  2:11  Drone  
  22  2:12  Queen  
  22  2:23  Drone  
  22  2:32  Drone  
  22  2:33  Drone  
  22  2:35  Queen  
  25  2:43  Drone x3  
  25  2:44  Drone  
  28  2:53  Drone  
  28  2:55  Drone  
  30  3:03  Overlord  
  30  3:08  Extractor, Drone  
  30  3:10  Extractor  
  29  3:15  Overlord  
  29  3:17  Overlord  
  29  3:22  Drone  
  29  3:23  Drone x2  
  29  3:26  Drone  
  33  3:32  Drone  
  34  3:35  Drone  
  34  3:41  Drone  
  36  3:43  Drone x2  
  36  3:45  Drone  
  39  3:49  Evolution Chamber  
  39  3:51  Drone  
  39  3:52  Roach Warren  
  38  3:56  Drone x2  
  38  4:02  Lair  
  40  4:06  Drone  
  40  4:09  Drone  
  42  4:11  Extractor  
  42  4:13  Drone  
  42  4:14  Overlord  
  42  4:17  Zerg Missile Weapons Level 1  
  42  4:27  Drone x2  
  42  4:28  Drone x3  
  47  4:35  Roach x3  
  53  4:44  Overlord  
  53  4:52  Hatchery  
  52  5:00  Glial Reconstitution  
  52  5:02  Overseer  
  52  5:04  Overlord  
  52  5:05  Roach  
  52  5:06  Roach  
  56  5:12  Roach x2  
  60  5:17  Overlord x2  
  60  5:23  Roach x2  
  60  5:24  Roach  
  60  5:27  Roach  
  68  5:40  Roach x2  
  72  5:44  Roach  
  72  5:45  Roach x2  
  72  5:47  Roach x2  
  82  5:55  Overlord  
  82  6:00  Pneumatized Carapace  
  82  6:04  Drone x7  
  89  6:06  Drone  
  90  6:12  Overlord  
  90  6:13  Drone  
  90  6:17  Overlord, Drone  
  92  6:25  Drone  
  93  6:26  Roach x2  
  93  6:29  Zerg Missile Weapons Level 2  
  93  6:31  Evolution Chamber  
  94  6:34  Roach x2  
  94  6:35  Roach  
  94  6:38  Roach  
  98  6:40  Roach  
  98  6:44  Roach x2  
  98  6:46  Roach  
  106  6:49  Roach  
  106  6:50  Roach  
  106  6:53  Roach  
  106  6:54  Roach  
  110  6:57  Roach  
  110  7:00  Roach x2  
  114  7:08  Overlord  
  114  7:12  Overlord  
  114  7:19  Zerg Ground Armor Level 1  
  114  7:21  Overlord  
  114  7:29  Drone x3  
  122  7:30  Drone x5  
  122  7:32  Drone  
  122  7:33  Drone  
  122  7:34  Drone  
  123  7:41  Roach x2  
  123  7:43  Ravager x2  
  127  7:44  Drone x2  
  127  7:46  Extractor x2, Roach  
  127  7:47  Overlord  
  127  7:50  Drone x2  
  131  7:53  Roach x2  
  131  7:57  Overlord x2  
  135  8:02  Overlord  
  135  8:08  Hatchery  
  134  8:16  Roach x3  
  134  8:17  Roach  
  134  8:18  Ravager  
  143  8:20  Roach x2  
  143  8:21  Roach  
  143  8:25  Roach x3  
  155  8:27  Overlord  
  155  8:28  Overseer  
  155  8:31  Drone  
  155  8:32  Extractor, Drone x2  
  155  8:33  Roach  
  159  8:37  Roach  
  159  8:40  Ravager  
  162  8:44  Overlord  
  162  8:47  Queen  
  164  8:51  Overlord x2, Roach  
  164  8:52  Roach  
  164  8:53  Ravager  
  164  8:54  Ravager  
  170  8:56  Overlord  
  170  9:03  Overlord  
  170  9:04  Roach x4  
  178  9:13  Roach x5  
  178  9:15  Drone  
  186  9:25  Roach  
  186  9:26  Roach x2  
  186  9:28  Drone x2  
  186  9:29  Roach x3  
  197  9:31  Ravager x3  
  196  9:40  Spore Crawler x3  
  189  9:46  Hydralisk Den  
Tags
 
Add a new tag
Caveats
  • Supply blocks, unpowered buildings, or Contaminate may cause inaccurate times.
  • Supply counts are checked every 10 seconds.